Avalanche vs Blues
(R3)
Created - May 15, 2018 at 19:04
Goals
|
| Avalanche |
1 |
0 |
0 |
1 |
| Blues |
3 |
1 |
2 |
6 |
|
Shots
|
| Avalanche |
6 |
5 |
6 |
17 |
| Blues |
12 |
12 |
8 |
32 |
|
1st period
1. Avalanche , Corey Perry 5 (Mikkel Boedker 9, Bryan Little 10) at 2:59
2. Blues , B.J. Crombeen 3 (Travis Zajac 3) at 4:37
3. Blues , Jake Gardiner 3 (Patrick Kaleta 3, Alex Pietrangelo 10) at 7:26
4. Blues , Travis Zajac 3 (B.J. Crombeen 3) at 12:24
Penalties :
Andrei Kostitsyn (Col) for High sticking (Minor) at 13:26, B.J. Crombeen (STL) for Hooking (Minor) at 15:57
2nd period
5. Blues , Travis Zajac 4 (Milan Michalek 6, B.J. Crombeen 4) at 9:19
Penalties :
Paul Stastny (Col) for Interference (Minor) at 14:01, Johnny Boychuk (Col) for Hooking (Minor) at 14:30, Dan Boyle (Col) for Slashing (Minor) at 17:14
3rd period
6. Blues , Nicklas Backstrom 8 (David Perron 3, Jake Gardiner 5) at 8:05 (PP)
7. Blues , Derek Boogaard 6 (Tomas Plekanec 2, Christian Ehrhoff 1) at 12:48
Penalties :
Jason Pominville (STL) for Hooking (Minor) at 0:03, Mike Comrie (Col) for Delaying the game (Minor) at 3:09, Chris Drury (Col) for Holding Stick (Minor) at 7:53, Jason Pominville (STL) for Fighting (Major) at 8:08, Paul Stastny (Col) for Fighting (Major) at 8:08, Brandon Yip (Col) for Hooking (Minor) at 8:33, Sergei Shirokov (STL) for Tripping (Minor) at 14:43
Goalie Stats
Semyon Varlamov (Col), 12 saves from 16 shots - (0.750), L, 5-4-1, 29:19 minutes
Hannu Toivonen (Col), 14 saves from 16 shots - (0.875), 30:41 minutes
Carey Price (STL), 16 saves from 17 shots - (0.941), W, 6-2-0, 60:00 minutes
Players Stats for Avalanche
Player Name G A P +/- PIM S H SB GA TA FO MP PP MP PK MP
------------------------------------------------------------------------------------
Alexander Radulov 0 0 0 -3 0 1 1 2 0 0 1/2 13:15 2:33 0:00
Andrei Kostitsyn 0 0 0 -2 2 1 0 0 0 0 0/0 16:18 2:33 1:09
Andrew Ladd 0 0 0 -2 0 1 2 0 0 0 1/1 11:43 0:00 2:01
Brandon Yip 0 0 0 -1 2 1 1 0 0 1 1/4 12:35 0:13 0:00
Bryan Little 0 1 1 0 0 1 1 1 1 2 6/12 15:06 3:11 0:17
Chris Drury 0 0 0 -2 2 0 1 2 0 0 4/7 13:33 0:13 2:32
Chuck Kobasew 0 0 0 0 0 0 1 2 1 0 1/4 15:10 0:00 6:36
Corey Perry 1 0 1 -1 0 1 0 2 0 0 0/0 15:51 3:10 0:00
Dan Boyle 0 0 0 -2 2 2 3 0 2 0 0/0 18:39 3:39 1:11
Jack Johnson 0 0 0 -1 0 0 0 2 0 2 0/0 22:48 2:18 3:40
Jay Bouwmeester 0 0 0 -1 0 2 0 2 1 0 0/0 17:16 3:39 0:45
Johnny Boychuk 0 0 0 -2 2 1 0 0 0 0 0/0 18:06 0:00 3:02
Marc Staal 0 0 0 -1 0 1 1 5 1 0 0/0 20:44 0:00 5:56
Mike Comrie 0 0 0 0 2 2 1 0 0 0 8/13 14:36 0:14 5:18
Mikkel Boedker 0 1 1 0 0 0 0 0 1 0 0/0 14:49 3:11 0:00
Paul Stastny 0 0 0 -1 7 2 0 1 0 1 9/19 13:36 2:33 0:03
Pernell Karl Subban 0 0 0 -1 0 0 1 0 1 0 0/0 22:39 2:18 6:37
Ryan Smyth 0 0 0 0 0 1 2 0 0 1 0/0 11:02 0:00 1:46
Players Stats for Blues
Player Name G A P +/- PIM S H SB GA TA FO MP PP MP PK MP
------------------------------------------------------------------------------------
Alex Pietrangelo 0 1 1 2 0 5 3 1 1 0 0/0 25:42 5:42 3:37
B.J. Crombeen 1 2 3 3 2 1 2 0 0 0 0/0 15:49 4:12 0:00
Bryce Lampman 0 0 0 1 0 4 2 1 2 1 0/0 24:02 4:54 3:37
Christian Ehrhoff 0 1 1 0 0 0 1 1 0 1 0/0 12:16 0:00 0:00
David Perron 0 1 1 -1 0 0 1 0 1 0 0/1 20:24 6:24 0:00
Derek Boogaard 1 0 1 2 0 2 3 0 0 0 0/0 9:10 0:00 1:15
Jake Gardiner 1 1 2 3 0 2 1 1 2 1 0/0 23:42 5:42 2:20
Jason Pominville 0 0 0 -1 7 2 2 0 0 1 2/4 19:05 4:49 0:59
Linus Omark 0 0 0 0 0 0 0 0 0 0 0/0 10:16 0:00 0:00
Logan Couture 0 0 0 0 0 1 1 0 1 0 2/4 12:14 0:00 1:37
Milan Michalek 0 1 1 3 0 3 2 0 0 0 0/0 15:28 4:12 0:00
Nicklas Backstrom 1 0 1 -1 0 4 2 0 0 1 17/31 22:45 6:24 2:07
Patrick Kaleta 0 1 1 2 0 1 2 0 0 0 0/0 10:56 0:00 2:54
Sergei Shirokov 0 0 0 0 2 1 0 0 0 0 0/1 11:42 1:35 0:00
Tomas Plekanec 0 1 1 2 0 3 1 0 0 0 1/4 7:40 0:00 0:00
Travis Zajac 2 1 3 3 0 3 0 1 0 1 9/17 18:30 4:12 3:02
Victor Hedman 0 0 0 3 0 0 0 1 0 1 0/0 17:41 4:54 0:00
Yann Sauvé 0 0 0 -1 0 0 1 2 0 1 0/0 16:37 0:00 2:20
3 Stars
1 - Travis Zajac (STL)
2 - B.J. Crombeen (STL)
3 - Jake Gardiner (STL)
Power Play
Avalanche - 0 on 3 Attempt(s) - 0.00%
Blues - 1 on 7 Attempt(s) - 14.29%
Penalty Kill
Avalanche - 6 on 7 Attempt(s) - 85.71%
- Score 0 goal in Penalty Kill
Blues - 3 on 3 Attempt(s) - 100.00%
- Score 0 goal in Penalty Kill
Team Stat
Avalanche - Hits : 15 - Faceoff Wins : 31 - Blocked Shots : 19 - Penalty Minutes : 19
Blues - Hits : 24 - Faceoff Wins : 31 - Blocked Shots : 8 - Penalty Minutes : 11
Official
Referees : Lee Chris and Marouelli Dan
Linesman : Ryan Galloway and Mark Shewchyk
Game Notes
Hannu Toivonen enters game at 9:19 of 2nd period
Jason Pominville and Paul Stastny fight to a draw at 8:08 of 3rd period
Finance
Level 1 -- Attendance: 6000 (100.00%) -- Ticket Income $534,000
Level 2 -- Attendance: 5000 (100.00%) -- Ticket Income $285,000
Level 3 -- Attendance: 2000 (100.00%) -- Ticket Income $70,000
Level 4 -- Attendance: 4000 (100.00%) -- Ticket Income $96,000
Luxury Box -- Attendance: 1000 (100.00%) -- Ticket Income $174,000
Game was played at the Scotttrade center.
Total Attendance: 18000 (100.00%)
Total Ticket Income: $1,159,000
Other Income: $173,850
Total Income: $1,332,850
Avalanche
5 vs 5 Forward
Center Left Wing Right Wing Time % Phy DF OF
1 Bryan Little Mikkel Boedker Corey Perry 30 0 2 2
2 Paul Stastny Andrei Kostitsyn Brandon Yip 30 1 2 2
3 Chris Drury Andrew Ladd Alexander Radulov 25 1 2 2
4 Mike Comrie Ryan Smyth Chuck Kobasew 15 1 2 2
5 vs 5 Defense
Defense Defense Time % Phy DF OF
1 Jack Johnson Marc Staal 35 1 2 2
2 Pernell Karl Subban Jay Bouwmeester 35 1 2 2
3 Dan Boyle Johnny Boychuk 30 1 2 2
4 Jack Johnson Marc Staal 0 1 2 2
PowerPlay Forward
Center Left Wing Right Wing Time % Phy DF OF
1 Bryan Little Mikkel Boedker Corey Perry 60 1 2 2
2 Paul Stastny Andrei Kostitsyn Alexander Radulov 40 1 2 2
PowerPlay Defense
Defense Defense Time % Phy DF OF
1 Dan Boyle Jay Bouwmeester 60 1 2 2
2 Pernell Karl Subban Jack Johnson 40 1 2 2
Penalty Kill 4 Players Forward
Center Wing Time % Phy DF OF
1 Mike Comrie Chuck Kobasew 60 1 2 2
2 Chris Drury Ryan Smyth 40 1 2 2
Penalty Kill 4 Players Defense
Defense Defense Time % Phy DF OF
1 Pernell Karl Subban Marc Staal 60 1 2 2
2 Jack Johnson Johnny Boychuk 40 1 2 2
Penalty Kill - 3 Players Forward
Forward Time % Phy DF OF
1 Chuck Kobasew 60 1 2 2
2 Ryan Smyth 40 1 2 2
Penalty Kill - 3 Players Defense
Defense Defense Time % Phy DF OF
1 Jack Johnson Marc Staal 60 1 2 2
2 Pernell Karl Subban Johnny Boychuk 40 1 2 2
4 vs 4 Forward
Center Wing Time % Phy DF OF
1 Bryan Little Corey Perry 60 1 2 2
2 Mikkel Boedker Andrei Kostitsyn 40 1 2 2
4 vs 4 Defense
Defense Defense Time % Phy DF OF
1 Jack Johnson Marc Staal 60 1 2 2
2 Pernell Karl Subban Jay Bouwmeester 40 1 2 2
Last Minutes Offensive
Center Left Wing Right Wing Defense Defense
Bryan Little Mikkel Boedker Corey Perry Jack Johnson Dan Boyle
Last Minutes Defensive
Center Left Wing Right Wing Defense Defense
Chris Drury Andrew Ladd Chuck Kobasew Jack Johnson Marc Staal
Goaltenders
Starting : Semyon Varlamov
Backup : Hannu Toivonen
Extra Forwards
Normal : Andrei Kostitsyn, Alexander Radulov, Chris Drury - PP : Mike Comrie, Chris Drury - PK : Andrew Ladd
Extra Defensemen
Normal : Dan Boyle, Johnny Boychuk, Pernell Karl Subban - PP : Dan Boyle - PK : Johnny Boychuk, Pernell Karl Subban
Penalty Shots
Bryan Little, Corey Perry, Mikkel Boedker, Andrei Kostitsyn, Paul Stastny
Scratches
Kyle Turris (Healthy)
Blues
5 vs 5 Forward
Center Left Wing Right Wing Time % Phy DF OF
1 Nicklas Backstrom David Perron Jason Pominville 40 1 2 2
2 Travis Zajac Milan Michalek B.J. Crombeen 30 1 2 2
3 Logan Couture Linus Omark Sergei Shirokov 20 1 2 2
4 Tomas Plekanec Derek Boogaard Patrick Kaleta 10 1 2 2
5 vs 5 Defense
Defense Defense Time % Phy DF OF
1 Alex Pietrangelo Bryce Lampman 40 1 2 2
2 Jake Gardiner Victor Hedman 30 1 2 2
3 Christian Ehrhoff Yann Sauvé 20 1 2 2
4 Jake Gardiner Yann Sauvé 10 1 2 2
PowerPlay Forward
Center Left Wing Right Wing Time % Phy DF OF
1 Nicklas Backstrom David Perron Jason Pominville 60 1 2 2
2 Travis Zajac Milan Michalek B.J. Crombeen 40 1 2 2
PowerPlay Defense
Defense Defense Time % Phy DF OF
1 Jake Gardiner Alex Pietrangelo 60 1 2 2
2 Victor Hedman Bryce Lampman 40 1 2 2
Penalty Kill 4 Players Forward
Center Wing Time % Phy DF OF
1 Travis Zajac Patrick Kaleta 60 1 2 2
2 Logan Couture Jason Pominville 40 1 2 2
Penalty Kill 4 Players Defense
Defense Defense Time % Phy DF OF
1 Alex Pietrangelo Bryce Lampman 60 1 2 2
2 Yann Sauvé Jake Gardiner 40 1 2 2
Penalty Kill - 3 Players Forward
Forward Time % Phy DF OF
1 Travis Zajac 60 1 2 2
2 Tomas Plekanec 40 1 2 2
Penalty Kill - 3 Players Defense
Defense Defense Time % Phy DF OF
1 Bryce Lampman Yann Sauvé 60 1 2 2
2 Alex Pietrangelo Jake Gardiner 40 1 2 2
4 vs 4 Forward
Center Wing Time % Phy DF OF
1 Travis Zajac Milan Michalek 60 1 2 2
2 Nicklas Backstrom David Perron 40 1 2 2
4 vs 4 Defense
Defense Defense Time % Phy DF OF
1 Victor Hedman Alex Pietrangelo 60 1 2 2
2 Bryce Lampman Jake Gardiner 40 1 2 2
Last Minutes Offensive
Center Left Wing Right Wing Defense Defense
Nicklas Backstrom David Perron Jason Pominville Jake Gardiner Alex Pietrangelo
Last Minutes Defensive
Center Left Wing Right Wing Defense Defense
Travis Zajac David Perron Patrick Kaleta Bryce Lampman Yann Sauvé
Goaltenders
Starting : Carey Price
Backup : Ray Emery
Extra Forwards
Normal : Patrick Kaleta, Logan Couture, David Perron - PP : Sergei Shirokov, Tomas Plekanec - PK : Nicklas Backstrom
Extra Defensemen
Normal : Jake Gardiner, Yann Sauvé, Victor Hedman - PP : Christian Ehrhoff - PK : Alex Pietrangelo, Victor Hedman
Penalty Shots
David Perron, Logan Couture, Nicklas Backstrom, Sergei Shirokov, Travis Zajac
Scratches
Marcel Hossa (Healthy), Rickard Wallin (Healthy)
% Time on Ice - Avalanche
Lines # - Real PCT - Wanted PCT - Time Play
Normal Forward
1 - 29% - 30% - 12:27
2 - 31% - 30% - 13:28
3 - 21% - 25% - 9:12
4 - 19% - 15% - 8:20
Normal Defense
1 - 35% - 35% - 15:18
2 - 35% - 35% - 15:15
3 - 30% - 30% - 12:54
4 - 0% - 0% - 0:00
PP Forward
1 - 57% - 60% - 3:24
2 - 43% - 40% - 2:33
PP Defense
1 - 61% - 60% - 3:39
2 - 39% - 40% - 2:18
PK Forward
1 - 83% - 60% - 7:34
2 - 17% - 40% - 1:32
PK Defense
1 - 66% - 60% - 6:03
2 - 34% - 40% - 3:03
PK3 Forward
1 - 84% - 60% - 1:16
2 - 16% - 40% - 0:14
PK3 Defense
1 - 44% - 60% - 0:40
2 - 56% - 40% - 0:50
44 Forward
1 - 0% - 60%
2 - 0% - 40%
44 Defense
1 - 0% - 60%
2 - 0% - 40%
Last Minute Offensive - 0:00
Last Minute Defensive - 0:00
Total
Forward - 60:00
Defense - 60:00
|
% Time on Ice - Blues
Lines # - Real PCT - Wanted PCT - Time Play
Normal Forward
1 - 33% - 40% - 14:15
2 - 26% - 30% - 11:16
3 - 24% - 20% - 10:16
4 - 18% - 10% - 7:40
Normal Defense
1 - 38% - 40% - 16:23
2 - 29% - 30% - 12:41
3 - 25% - 20% - 10:58
4 - 8% - 10% - 3:25
PP Forward
1 - 60% - 60% - 6:24
2 - 40% - 40% - 4:12
PP Defense
1 - 54% - 60% - 5:42
2 - 46% - 40% - 4:54
PK Forward
1 - 75% - 60% - 4:26
2 - 25% - 40% - 1:31
PK Defense
1 - 61% - 60% - 3:37
2 - 39% - 40% - 2:20
PK3 Forward
1 - 0% - 60%
2 - 0% - 40%
PK3 Defense
1 - 0% - 60%
2 - 0% - 40%
44 Forward
1 - 0% - 60%
2 - 0% - 40%
44 Defense
1 - 0% - 60%
2 - 0% - 40%
Last Minute Offensive - 0:00
Last Minute Defensive - 0:00
Total
Forward - 60:00
Defense - 60:00
|
Play by Play
1st period
0:01 of 1st period - Nicklas Backstrom wins face-off versus Bryan Little in neutral zone.
0:04 of 1st period - Slapshot by Alex Pietrangelo.
0:04 of 1st period - Shot Blocked by Corey Perry.
0:26 of 1st period - Brandon Yip is hit by Bryce Lampman and loses puck.
0:53 of 1st period - Wrist shot by Logan Couture.
0:53 of 1st period - Shot Misses the Net.
1:29 of 1st period - Snap shot by Nicklas Backstrom.
1:29 of 1st period - Deflect By Jason Pominville.
1:29 of 1st period - Shot Blocked by Corey Perry.
1:29 of 1st period - Puck is out of play.
1:30 of 1st period - Nicklas Backstrom wins face-off versus Bryan Little in Avalanche zone.
2:59 of 1st period - Slapshot by Corey Perry.
2:59 of 1st period - Goal by Corey Perry - Avalanche : 1 - Blues : 0.
3:00 of 1st period - Paul Stastny wins face-off versus Travis Zajac in neutral zone.
3:13 of 1st period - Wrist shot by Andrei Kostitsyn.
3:13 of 1st period - Shot Misses the Net.
3:25 of 1st period - Andrew Ladd is hit by Yann Sauvé and loses puck.
4:07 of 1st period - Backhand shot by Andrei Kostitsyn.
4:07 of 1st period - Shot Misses the Net.
4:21 of 1st period - Slapshot by Alex Pietrangelo.
4:21 of 1st period - Shot Blocked by Jack Johnson.
4:33 of 1st period - Wrist shot by Tomas Plekanec.
4:33 of 1st period - Shot Misses the Net.
4:35 of 1st period - Wrist shot by Derek Boogaard.
4:35 of 1st period - Deflect By Patrick Kaleta.
4:35 of 1st period - Stopped by Semyon Varlamov without a rebound.
4:36 of 1st period - Travis Zajac wins face-off versus Paul Stastny in Avalanche zone.
4:37 of 1st period - Snap shot by B.J. Crombeen.
4:37 of 1st period - Goal by B.J. Crombeen - Avalanche : 1 - Blues : 1.
4:38 of 1st period - Paul Stastny wins face-off versus Travis Zajac in neutral zone.
6:06 of 1st period - Wrist shot by Andrei Kostitsyn.
6:06 of 1st period - Shot Misses the Net.
6:32 of 1st period - Backhand shot by Dan Boyle.
6:32 of 1st period - Deflect By Milan Michalek.
6:32 of 1st period - Stopped by Carey Price without a rebound.
6:33 of 1st period - Paul Stastny wins face-off versus Sergei Shirokov in Blues zone.
7:26 of 1st period - Wrist shot by Jake Gardiner.
7:26 of 1st period - Goal by Jake Gardiner - Avalanche : 1 - Blues : 2.
7:27 of 1st period - Paul Stastny wins face-off versus Travis Zajac in neutral zone.
7:34 of 1st period - Snap shot by Paul Stastny.
7:34 of 1st period - Stopped by Carey Price without a rebound.
7:35 of 1st period - Travis Zajac wins face-off versus Paul Stastny in Blues zone.
7:46 of 1st period - Jack Johnson is hit by B.J. Crombeen.
8:02 of 1st period - Jake Gardiner is hit by Chris Drury and loses puck.
8:09 of 1st period - Snap shot by Andrew Ladd.
8:09 of 1st period - Stopped by Carey Price without a rebound.
8:10 of 1st period - Logan Couture wins face-off versus Bryan Little in Blues zone.
8:15 of 1st period - Mikkel Boedker is hit by Alex Pietrangelo and loses puck.
9:28 of 1st period - Yann Sauvé is hit by Mike Comrie and loses puck.
9:39 of 1st period - Jack Johnson is hit by Christian Ehrhoff and loses puck.
10:06 of 1st period - Snap shot by Logan Couture.
10:06 of 1st period - Stopped by Semyon Varlamov with a rebound.
10:28 of 1st period - Snap shot by Milan Michalek.
10:28 of 1st period - Stopped by Semyon Varlamov with a rebound.
10:30 of 1st period - Slapshot by Jake Gardiner.
10:30 of 1st period - Stopped by Semyon Varlamov with a rebound.
10:32 of 1st period - Wrist shot by Milan Michalek.
10:32 of 1st period - Stopped by Semyon Varlamov without a rebound.
10:33 of 1st period - Bryan Little wins face-off versus Nicklas Backstrom in Avalanche zone.
10:49 of 1st period - Slapshot by Jason Pominville.
10:49 of 1st period - Stopped by Semyon Varlamov with a rebound.
11:00 of 1st period - Off-side.
11:01 of 1st period - Travis Zajac wins face-off versus Brandon Yip in neutral zone.
11:04 of 1st period - Snap shot by Milan Michalek.
11:04 of 1st period - Shot Misses the Net.
11:06 of 1st period - Slapshot by Bryce Lampman.
11:06 of 1st period - Shot Misses the Net.
11:08 of 1st period - Slapshot by Bryce Lampman.
11:08 of 1st period - Stopped by Semyon Varlamov without a rebound.
11:09 of 1st period - Paul Stastny wins face-off versus Nicklas Backstrom in Avalanche zone.
11:09 of 1st period - Paul Stastny is hit by Jason Pominville.
11:25 of 1st period - Slapshot by Alex Pietrangelo.
11:25 of 1st period - Shot Blocked by Paul Stastny.
11:37 of 1st period - Slapshot by Jay Bouwmeester.
11:37 of 1st period - Stopped by Carey Price without a rebound.
11:38 of 1st period - Travis Zajac wins face-off versus Chris Drury in Blues zone.
11:49 of 1st period - Wrist shot by Travis Zajac.
11:49 of 1st period - Shot Misses the Net.
12:24 of 1st period - Snap shot by Travis Zajac.
12:24 of 1st period - Goal by Travis Zajac - Avalanche : 1 - Blues : 3.
12:25 of 1st period - Bryan Little wins face-off versus Nicklas Backstrom in neutral zone.
12:51 of 1st period - Ryan Smyth is hit by Logan Couture.
13:26 of 1st period - Minor Penalty to Andrei Kostitsyn for High sticking.
13:27 of 1st period - Nicklas Backstrom wins face-off versus Mike Comrie in Avalanche zone.
14:02 of 1st period - Slapshot by Alex Pietrangelo.
14:02 of 1st period - Stopped by Semyon Varlamov without a rebound.
14:03 of 1st period - Mike Comrie wins face-off versus Nicklas Backstrom in Avalanche zone.
14:31 of 1st period - Off-side.
14:32 of 1st period - Travis Zajac wins face-off versus Mike Comrie in neutral zone.
14:34 of 1st period - Off-side.
14:35 of 1st period - Mike Comrie wins face-off versus Jason Pominville in neutral zone.
14:52 of 1st period - Slapshot by Jake Gardiner.
14:52 of 1st period - Shot Blocked by Marc Staal.
14:54 of 1st period - Slapshot by Alex Pietrangelo.
14:54 of 1st period - Shot Blocked by Marc Staal.
15:26 of 1st period - Penalty to Andrei Kostitsyn is over, Andrei Kostitsyn is back on ice.
15:42 of 1st period - Wrist shot by Bryan Little.
15:42 of 1st period - Stopped by Carey Price without a rebound.
15:43 of 1st period - Travis Zajac wins face-off versus Bryan Little in Blues zone.
15:57 of 1st period - Minor Penalty to B.J. Crombeen for Hooking.
15:58 of 1st period - Bryan Little wins face-off versus Travis Zajac in Blues zone.
15:58 of 1st period - Snap shot by Corey Perry.
15:58 of 1st period - Deflect By Mikkel Boedker.
15:58 of 1st period - Shot Misses the Net.
15:58 of 1st period - Puck is out of play.
15:59 of 1st period - Bryan Little wins face-off versus Travis Zajac in Blues zone.
16:56 of 1st period - Pernell Karl Subban is hit by Derek Boogaard and loses puck.
17:21 of 1st period - Pernell Karl Subban is hit by Bryce Lampman and loses puck.
17:57 of 1st period - Penalty to B.J. Crombeen is over, B.J. Crombeen is back on ice.
18:11 of 1st period - Sergei Shirokov is hit by Chuck Kobasew.
18:49 of 1st period - Snap shot by Travis Zajac.
18:49 of 1st period - Shot Misses the Net.
19:03 of 1st period - Icing by Dan Boyle.
19:04 of 1st period - Logan Couture wins face-off versus Mike Comrie in Avalanche zone.
19:05 of 1st period - Slapshot by Alex Pietrangelo.
19:05 of 1st period - Shot Misses the Net.
19:07 of 1st period - Slapshot by Bryce Lampman.
19:07 of 1st period - Stopped by Semyon Varlamov with a rebound.
19:36 of 1st period - Johnny Boychuk is hit by Jason Pominville and loses puck.
19:47 of 1st period - Travis Zajac is hit by Alexander Radulov and loses puck.
Goals for this period are 1 for Avalanche vs 3 for Blues.
Shots for this period are 6 for Avalanche vs 12 for Blues.
2nd period
0:01 of 2nd period - Nicklas Backstrom wins face-off versus Paul Stastny in neutral zone.
0:58 of 2nd period - Travis Zajac is hit by Dan Boyle and loses puck.
1:14 of 2nd period - Off-side.
1:15 of 2nd period - Chris Drury wins face-off versus Nicklas Backstrom in neutral zone.
1:24 of 2nd period - Slapshot by Alex Pietrangelo.
1:24 of 2nd period - Deflect By Nicklas Backstrom.
1:24 of 2nd period - Shot Misses the Net.
1:24 of 2nd period - Puck is out of play.
1:25 of 2nd period - Bryan Little wins face-off versus Nicklas Backstrom in Avalanche zone.
1:25 of 2nd period - Bryan Little is hit by Alex Pietrangelo.
1:50 of 2nd period - Jason Pominville is hit by Bryan Little and loses puck.
2:08 of 2nd period - Wrist shot by Nicklas Backstrom.
2:08 of 2nd period - Shot Misses the Net.
2:26 of 2nd period - Slapshot by Alex Pietrangelo.
2:26 of 2nd period - Shot Blocked by Jay Bouwmeester.
2:28 of 2nd period - Snap shot by Alex Pietrangelo.
2:28 of 2nd period - Shot Misses the Net.
2:38 of 2nd period - Snap shot by David Perron.
2:38 of 2nd period - Shot Blocked by Bryan Little.
2:46 of 2nd period - Snap shot by Nicklas Backstrom.
2:46 of 2nd period - Shot Misses the Net.
2:48 of 2nd period - Slapshot by Bryce Lampman.
2:48 of 2nd period - Stopped by Semyon Varlamov with a rebound.
3:21 of 2nd period - Wrist shot by Nicklas Backstrom.
3:21 of 2nd period - Stopped by Semyon Varlamov with a rebound.
3:23 of 2nd period - Wrist shot by David Perron.
3:23 of 2nd period - Shot Blocked by Jay Bouwmeester.
3:35 of 2nd period - Slapshot by Pernell Karl Subban.
3:35 of 2nd period - Shot Blocked by Alex Pietrangelo.
3:38 of 2nd period - Icing by Bryce Lampman.
3:39 of 2nd period - Nicklas Backstrom wins face-off versus Paul Stastny in Blues zone.
4:00 of 2nd period - Slapshot by Alex Pietrangelo.
4:00 of 2nd period - Deflect By David Perron.
4:00 of 2nd period - Shot Misses the Net.
4:00 of 2nd period - Puck is out of play.
4:01 of 2nd period - Chris Drury wins face-off versus Travis Zajac in Avalanche zone.
4:52 of 2nd period - Snap shot by Logan Couture.
4:52 of 2nd period - Deflect By Chuck Kobasew.
4:52 of 2nd period - Shot Misses the Net.
4:52 of 2nd period - Puck is out of play.
4:53 of 2nd period - Tomas Plekanec wins face-off versus Chuck Kobasew in Avalanche zone.
4:54 of 2nd period - Wrist shot by Patrick Kaleta.
4:54 of 2nd period - Deflect By Tomas Plekanec.
4:54 of 2nd period - Stopped by Semyon Varlamov without a rebound.
4:55 of 2nd period - Mike Comrie wins face-off versus Tomas Plekanec in Avalanche zone.
5:07 of 2nd period - Off-side.
5:08 of 2nd period - Paul Stastny wins face-off versus Travis Zajac in neutral zone.
5:21 of 2nd period - Jack Johnson is hit by Milan Michalek and loses puck.
5:45 of 2nd period - Yann Sauvé is hit by Marc Staal and loses puck.
5:56 of 2nd period - Johnny Boychuk is hit by Derek Boogaard.
6:04 of 2nd period - Snap shot by Mike Comrie.
6:04 of 2nd period - Stopped by Carey Price without a rebound.
6:05 of 2nd period - Travis Zajac wins face-off versus Paul Stastny in Blues zone.
6:05 of 2nd period - Travis Zajac is hit by Brandon Yip.
6:21 of 2nd period - Snap shot by Brandon Yip.
6:21 of 2nd period - Shot Misses the Net.
7:04 of 2nd period - Snap shot by Patrick Kaleta.
7:04 of 2nd period - Shot Misses the Net.
7:22 of 2nd period - Snap shot by David Perron.
7:22 of 2nd period - Shot Misses the Net.
7:41 of 2nd period - Wrist shot by Brandon Yip.
7:41 of 2nd period - Stopped by Carey Price with a rebound.
8:17 of 2nd period - Backhand shot by Milan Michalek.
8:17 of 2nd period - Shot Misses the Net.
9:17 of 2nd period - Wrist shot by Milan Michalek.
9:17 of 2nd period - Shot Misses the Net.
9:19 of 2nd period - Wrist shot by Travis Zajac.
9:19 of 2nd period - Deflect By Corey Perry.
9:19 of 2nd period - Goal by Travis Zajac - Avalanche : 1 - Blues : 4.
9:19 of 2nd period - Hannu Toivonen enters game.
9:20 of 2nd period - Nicklas Backstrom wins face-off versus Paul Stastny in neutral zone.
9:23 of 2nd period - Snap shot by Alex Pietrangelo.
9:23 of 2nd period - Deflect By Nicklas Backstrom.
9:23 of 2nd period - Shot Misses the Net.
9:23 of 2nd period - Puck is out of play.
9:24 of 2nd period - Paul Stastny wins face-off versus Nicklas Backstrom in Avalanche zone.
9:24 of 2nd period - Paul Stastny is hit by Alex Pietrangelo.
9:32 of 2nd period - Slapshot by Marc Staal.
9:32 of 2nd period - Stopped by Carey Price without a rebound.
9:33 of 2nd period - Nicklas Backstrom wins face-off versus Brandon Yip in Blues zone.
10:23 of 2nd period - Chris Drury is hit by Patrick Kaleta and loses puck.
10:44 of 2nd period - Slapshot by Andrei Kostitsyn.
10:44 of 2nd period - Deflect By Paul Stastny.
10:44 of 2nd period - Shot Blocked by Christian Ehrhoff.
10:44 of 2nd period - Puck is out of play.
10:45 of 2nd period - Paul Stastny wins face-off versus Jason Pominville in Blues zone.
10:48 of 2nd period - Wrist shot by Andrei Kostitsyn.
10:48 of 2nd period - Stopped by Carey Price without a rebound.
10:49 of 2nd period - Nicklas Backstrom wins face-off versus Brandon Yip in Blues zone.
10:54 of 2nd period - Paul Stastny is hit by Nicklas Backstrom and loses puck.
10:59 of 2nd period - Wrist shot by Nicklas Backstrom.
10:59 of 2nd period - Shot Misses the Net.
11:01 of 2nd period - Slapshot by Bryce Lampman.
11:01 of 2nd period - Stopped by Hannu Toivonen without a rebound.
11:02 of 2nd period - Nicklas Backstrom wins face-off versus Chris Drury in Avalanche zone.
11:07 of 2nd period - Snap shot by Nicklas Backstrom.
11:07 of 2nd period - Stopped by Hannu Toivonen with a rebound.
11:09 of 2nd period - Slapshot by Alex Pietrangelo.
11:09 of 2nd period - Shot Hit the Post.
11:11 of 2nd period - Wrist shot by Nicklas Backstrom.
11:11 of 2nd period - Deflect By Jason Pominville.
11:11 of 2nd period - Shot Hit the Post.
11:11 of 2nd period - Puck is out of play.
11:12 of 2nd period - Chris Drury wins face-off versus David Perron in Avalanche zone.
11:21 of 2nd period - Slapshot by Alex Pietrangelo.
11:21 of 2nd period - Shot Blocked by Chris Drury.
11:23 of 2nd period - Snap shot by David Perron.
11:23 of 2nd period - Shot Misses the Net.
11:25 of 2nd period - Slapshot by Alex Pietrangelo.
11:25 of 2nd period - Shot Misses the Net.
11:27 of 2nd period - Slapshot by Alex Pietrangelo.
11:27 of 2nd period - Shot Blocked by Marc Staal.
11:29 of 2nd period - Slapshot by Bryce Lampman.
11:29 of 2nd period - Shot Blocked by Marc Staal.
11:31 of 2nd period - Slapshot by Alex Pietrangelo.
11:31 of 2nd period - Stopped by Hannu Toivonen with a rebound.
11:33 of 2nd period - Slapshot by Bryce Lampman.
11:33 of 2nd period - Shot Misses the Net.
11:35 of 2nd period - Wrist shot by Jason Pominville.
11:35 of 2nd period - Shot Misses the Net.
11:37 of 2nd period - Snap shot by David Perron.
11:37 of 2nd period - Shot Blocked by Alexander Radulov.
11:39 of 2nd period - Wrist shot by David Perron.
11:39 of 2nd period - Shot Blocked by Jack Johnson.
11:41 of 2nd period - Snap shot by Jason Pominville.
11:41 of 2nd period - Stopped by Hannu Toivonen with a rebound.
11:43 of 2nd period - Backhand shot by Nicklas Backstrom.
11:43 of 2nd period - Stopped by Hannu Toivonen without a rebound.
11:44 of 2nd period - Paul Stastny wins face-off versus Logan Couture in Avalanche zone.
12:09 of 2nd period - Dan Boyle is hit by Milan Michalek and loses puck.
12:16 of 2nd period - Wrist shot by Milan Michalek.
12:16 of 2nd period - Stopped by Hannu Toivonen without a rebound.
12:17 of 2nd period - Nicklas Backstrom wins face-off versus Paul Stastny in Avalanche zone.
12:18 of 2nd period - Slapshot by Alex Pietrangelo.
12:18 of 2nd period - Deflect By Nicklas Backstrom.
12:18 of 2nd period - Shot Blocked by Marc Staal.
12:18 of 2nd period - Puck is out of play.
12:19 of 2nd period - Jason Pominville wins face-off versus Paul Stastny in Avalanche zone.
12:36 of 2nd period - Snap shot by Nicklas Backstrom.
12:36 of 2nd period - Shot Misses the Net.
13:10 of 2nd period - Snap shot by Mikkel Boedker.
13:10 of 2nd period - Shot Misses the Net.
13:45 of 2nd period - Snap shot by Ryan Smyth.
13:45 of 2nd period - Shot Blocked by Victor Hedman.
13:55 of 2nd period - Snap shot by Nicklas Backstrom.
13:55 of 2nd period - Shot Misses the Net.
14:01 of 2nd period - Minor Penalty to Paul Stastny for Interference.
14:02 of 2nd period - Nicklas Backstrom wins face-off versus Mike Comrie in Avalanche zone.
14:03 of 2nd period - Slapshot by David Perron.
14:03 of 2nd period - Shot Misses the Net.
14:30 of 2nd period - Minor Penalty to Johnny Boychuk for Hooking.
14:31 of 2nd period - Nicklas Backstrom wins face-off versus Chuck Kobasew in Avalanche zone.
14:32 of 2nd period - Snap shot by Alex Pietrangelo.
14:32 of 2nd period - Deflect By Dan Boyle.
14:32 of 2nd period - Stopped by Hannu Toivonen without a rebound.
14:33 of 2nd period - Nicklas Backstrom wins face-off versus Chuck Kobasew in Avalanche zone.
15:10 of 2nd period - Slapshot by Alex Pietrangelo.
15:10 of 2nd period - Stopped by Hannu Toivonen with a rebound.
16:01 of 2nd period - Penalty to Paul Stastny is over, Paul Stastny is back on ice.
16:30 of 2nd period - Penalty to Johnny Boychuk is over, Johnny Boychuk is back on ice.
17:05 of 2nd period - Snap shot by Alexander Radulov.
17:05 of 2nd period - Stopped by Carey Price without a rebound.
17:06 of 2nd period - Chris Drury wins face-off versus Tomas Plekanec in Blues zone.
17:07 of 2nd period - Backhand shot by Alexander Radulov.
17:07 of 2nd period - Shot Misses the Net.
17:14 of 2nd period - Minor Penalty to Dan Boyle for Slashing.
17:15 of 2nd period - Mike Comrie wins face-off versus Nicklas Backstrom in Avalanche zone.
17:15 of 2nd period - Mike Comrie is hit by Nicklas Backstrom.
18:58 of 2nd period - B.J. Crombeen is hit by Ryan Smyth and loses puck.
19:14 of 2nd period - Penalty to Dan Boyle is over, Dan Boyle is back on ice.
Goals for this period are 0 for Avalanche vs 1 for Blues.
Shots for this period are 5 for Avalanche vs 12 for Blues.
3rd period
0:01 of 3rd period - Nicklas Backstrom wins face-off versus Paul Stastny in neutral zone.
0:03 of 3rd period - Minor Penalty to Jason Pominville for Hooking.
0:04 of 3rd period - Bryan Little wins face-off versus Travis Zajac in Blues zone.
0:16 of 3rd period - Snap shot by Jay Bouwmeester.
0:16 of 3rd period - Shot Misses the Net.
0:18 of 3rd period - Snap shot by Dan Boyle.
0:18 of 3rd period - Deflect By Alex Pietrangelo.
0:18 of 3rd period - Stopped by Carey Price with a rebound.
0:20 of 3rd period - Slapshot by Dan Boyle.
0:20 of 3rd period - Shot Misses the Net.
0:30 of 3rd period - Snap shot by Paul Stastny.
0:30 of 3rd period - Shot Misses the Net.
1:23 of 3rd period - Paul Stastny is hit by Derek Boogaard.
2:03 of 3rd period - Penalty to Jason Pominville is over, Jason Pominville is back on ice.
2:51 of 3rd period - Logan Couture is hit by Andrew Ladd.
3:09 of 3rd period - Minor Penalty to Mike Comrie for Delaying the game.
3:10 of 3rd period - Andrew Ladd wins face-off versus Nicklas Backstrom in Avalanche zone.
3:21 of 3rd period - Andrew Ladd is hit by David Perron and loses puck.
5:09 of 3rd period - Penalty to Mike Comrie is over, Mike Comrie is back on ice.
5:22 of 3rd period - Slapshot by Derek Boogaard.
5:22 of 3rd period - Shot Misses the Net.
5:24 of 3rd period - Backhand shot by Christian Ehrhoff.
5:24 of 3rd period - Shot Blocked by Chris Drury.
5:26 of 3rd period - Slapshot by Yann Sauvé.
5:26 of 3rd period - Shot Misses the Net.
6:04 of 3rd period - Paul Stastny is hit by Patrick Kaleta and loses puck.
6:21 of 3rd period - Slapshot by Dan Boyle.
6:21 of 3rd period - Shot Blocked by Bryce Lampman.
7:41 of 3rd period - Dan Boyle is hit by B.J. Crombeen and loses puck.
7:53 of 3rd period - Minor Penalty to Chris Drury for Holding Stick.
7:54 of 3rd period - Mike Comrie wins face-off versus Nicklas Backstrom in Avalanche zone.
8:05 of 3rd period - Slapshot by Nicklas Backstrom.
8:05 of 3rd period - Goal by Nicklas Backstrom - Avalanche : 1 - Blues : 5.
8:06 of 3rd period - Nicklas Backstrom wins face-off versus Paul Stastny in neutral zone.
8:08 of 3rd period - Jason Pominville and Paul Stastny fight to a draw.
8:08 of 3rd period - Penalty to Jason Pominville for Fighting.
8:08 of 3rd period - Penalty to Paul Stastny for Fighting.
8:09 of 3rd period - Nicklas Backstrom wins face-off versus Alexander Radulov in Avalanche zone.
8:10 of 3rd period - Slapshot by Alex Pietrangelo.
8:10 of 3rd period - Deflect By Patrick Kaleta.
8:10 of 3rd period - Shot Misses the Net.
8:10 of 3rd period - Puck is out of play.
8:11 of 3rd period - Brandon Yip wins face-off versus Nicklas Backstrom in Avalanche zone.
8:33 of 3rd period - Minor Penalty to Brandon Yip for Hooking.
8:34 of 3rd period - Nicklas Backstrom wins face-off versus Mike Comrie in Avalanche zone.
8:37 of 3rd period - Slapshot by Alex Pietrangelo.
8:37 of 3rd period - Stopped by Hannu Toivonen without a rebound.
8:38 of 3rd period - Mike Comrie wins face-off versus Nicklas Backstrom in Avalanche zone.
8:45 of 3rd period - Snap shot by Sergei Shirokov.
8:45 of 3rd period - Stopped by Hannu Toivonen without a rebound.
8:46 of 3rd period - Chuck Kobasew wins face-off versus Nicklas Backstrom in Avalanche zone.
8:58 of 3rd period - Wrist shot by David Perron.
8:58 of 3rd period - Shot Misses the Net.
9:00 of 3rd period - Wrist shot by Sergei Shirokov.
9:00 of 3rd period - Shot Misses the Net.
9:02 of 3rd period - Slapshot by Alex Pietrangelo.
9:02 of 3rd period - Shot Blocked by Chuck Kobasew.
9:12 of 3rd period - Pernell Karl Subban is hit by Jake Gardiner.
9:20 of 3rd period - Snap shot by Travis Zajac.
9:20 of 3rd period - Shot Blocked by Chuck Kobasew.
9:30 of 3rd period - Snap shot by Mike Comrie.
9:30 of 3rd period - Shot Misses the Net.
10:33 of 3rd period - Penalty to Brandon Yip is over, Brandon Yip is back on ice.
11:53 of 3rd period - Icing by Derek Boogaard.
11:54 of 3rd period - Alexander Radulov wins face-off versus Tomas Plekanec in Blues zone.
11:55 of 3rd period - Slapshot by Corey Perry.
11:55 of 3rd period - Shot Misses the Net.
12:36 of 3rd period - Slapshot by Alex Pietrangelo.
12:36 of 3rd period - Shot Misses the Net.
12:38 of 3rd period - Snap shot by Christian Ehrhoff.
12:38 of 3rd period - Deflect By Derek Boogaard.
12:38 of 3rd period - Stopped by Hannu Toivonen with a rebound.
12:40 of 3rd period - Wrist shot by Tomas Plekanec.
12:40 of 3rd period - Stopped by Hannu Toivonen with a rebound.
12:42 of 3rd period - Wrist shot by Tomas Plekanec.
12:42 of 3rd period - Shot Blocked by Alexander Radulov.
12:46 of 3rd period - Wrist shot by Tomas Plekanec.
12:46 of 3rd period - Stopped by Hannu Toivonen with a rebound.
12:48 of 3rd period - Wrist shot by Derek Boogaard.
12:48 of 3rd period - Goal by Derek Boogaard - Avalanche : 1 - Blues : 6.
12:49 of 3rd period - Mike Comrie wins face-off versus Nicklas Backstrom in neutral zone.
13:02 of 3rd period - Wrist shot by Mike Comrie.
13:02 of 3rd period - Stopped by Carey Price with a rebound.
13:04 of 3rd period - Backhand shot by Johnny Boychuk.
13:04 of 3rd period - Stopped by Carey Price with a rebound.
14:14 of 3rd period - Mike Comrie is hit by Tomas Plekanec and loses puck.
14:29 of 3rd period - Nicklas Backstrom is hit by Dan Boyle and loses puck.
14:43 of 3rd period - Minor Penalty to Sergei Shirokov for Tripping.
14:44 of 3rd period - Travis Zajac wins face-off versus Bryan Little in Blues zone.
14:49 of 3rd period - Icing by Bryan Little.
14:50 of 3rd period - Travis Zajac wins face-off versus Bryan Little in Avalanche zone.
15:01 of 3rd period - Slapshot by Patrick Kaleta.
15:01 of 3rd period - Deflect By Travis Zajac.
15:01 of 3rd period - Stopped by Hannu Toivonen with a rebound.
15:24 of 3rd period - Slapshot by Corey Perry.
15:24 of 3rd period - Shot Misses the Net.
15:56 of 3rd period - Wrist shot by Paul Stastny.
15:56 of 3rd period - Stopped by Carey Price with a rebound.
15:58 of 3rd period - Slapshot by Jay Bouwmeester.
15:58 of 3rd period - Deflect By Yann Sauvé.
15:58 of 3rd period - Stopped by Carey Price with a rebound.
16:00 of 3rd period - Wrist shot by Jay Bouwmeester.
16:00 of 3rd period - Shot Blocked by Jake Gardiner.
16:02 of 3rd period - Snap shot by Andrei Kostitsyn.
16:02 of 3rd period - Shot Blocked by Yann Sauvé.
16:04 of 3rd period - Snap shot by Andrei Kostitsyn.
16:04 of 3rd period - Shot Blocked by Travis Zajac.
16:41 of 3rd period - Alex Pietrangelo is hit by Pernell Karl Subban and loses puck.
16:43 of 3rd period - Penalty to Sergei Shirokov is over, Sergei Shirokov is back on ice.
16:51 of 3rd period - Off-side.
16:52 of 3rd period - Mike Comrie wins face-off versus Logan Couture in neutral zone.
16:55 of 3rd period - Linus Omark is hit by Ryan Smyth and loses puck.
17:48 of 3rd period - Snap shot by Chuck Kobasew.
17:48 of 3rd period - Shot Hit the Post.
17:50 of 3rd period - Slapshot by Dan Boyle.
17:50 of 3rd period - Shot Misses the Net.
18:27 of 3rd period - Christian Ehrhoff is hit by Dan Boyle and loses puck.
18:36 of 3rd period - Slapshot by Chuck Kobasew.
18:36 of 3rd period - Shot Blocked by Yann Sauvé.
18:38 of 3rd period - Slapshot by Ryan Smyth.
18:38 of 3rd period - Stopped by Carey Price without a rebound.
18:39 of 3rd period - Jason Pominville wins face-off versus Chris Drury in Blues zone.
18:39 of 3rd period - Alex Pietrangelo is hit by Andrew Ladd and loses puck.
Goals for this period are 0 for Avalanche vs 2 for Blues.
Shots for this period are 6 for Avalanche vs 8 for Blues.
Back to the Top